[Event "Swedish U16 Team Championship 2019 - Final"]
[Site "Molnlycke Kulturhus, Biblioteksgatan 2, Molnlycke, Sweden"]
[Date "2019.08.18"]
[Round "5.1"]
[White "Sorensen, Hampus"]
[Black "Rasmusson, Max"]
[Result "1-0"]
[TimeControl "90 minutes + 30 seconds per move from move one."]
[WhiteTitle "FM"]
[WhiteElo "2356"]
[BlackElo "1624"]

1. d4 Nf6 2. Bg5 e6 3. e4 Be7 4. e5 Nd5 5. Bxe7 Nxe7 6. Nf3 d6 7. Bd3 Nd7 8. Qe2 Ng6 9. Qe3 dxe5 10.
dxe5 c6 11. Bxg6 hxg6 12. Nbd2 Qb6 13. Qc3 Qc5 14. Nc4 O-O 15. b4 Qe7 16. Nd6 Nb6 17. h4 Nd5 18. Qd2 Qc7 19. h5 gxh5 20.
Rxh5 f6 21. O-O-O fxe5 22. Rdh1 Qxd6 23. Ng5 1-0

[Event "Swedish U16 Team Championship 2019 - Final"]
[Site "Molnlycke Kulturhus, Biblioteksgatan 2, Molnlycke, Sweden"]
[Date "2019.08.18"]
[Round "5.2"]
[White "Holmquist, Oliver 2006"]
[Black "Svetic, Matija"]
[Result "1/2-1/2"]
[TimeControl "90 minutes + 30 seconds per move from move one."]
[WhiteElo "1137"]
[BlackElo "1775"]

1. e4 c5 2. Bc4 e6 3. d3 Qc7 4. Nf3 Nc6 5. Nc3 a6 6. a4 Nf6 7. O-O Be7 8. Re1 d6 9. h3 Ne5 10.
Nxe5 dxe5 11. Bg5 b6 12. Ne2 Bb7 13. Ng3 Ng8 14. Qg4 g6 15. Bxe7 Nxe7 16. Qg5 O-O-O 17. Qf6 Nc6 18. c3 Qe7 19.
Qxe7 Nxe7 20. b4 cxb4 21. cxb4 Kb8 22. b5 a5 23. Rad1 Rd7 24. Re2 Rhd8 25. Red2 Nc8 26. f3 Nd6 27.
Nf1 Bc8 28. g4 Nb7 29. Ra1 Rd4 30. Raa2 Nd6 31. Kg2 Rd7 32. Kg3 Nxc4 33. dxc4 Rxc4 34. Rxd7 Bxd7 35. Kh4 h6 36. g5 h5 1/2-1/2

[Event "Swedish U16 Team Championship 2019 - Final"]
[Site "Molnlycke Kulturhus, Biblioteksgatan 2, Molnlycke, Sweden"]
[Date "2019.08.18"]
[Round "5.3"]
[White "Wikman, Viktor 2006"]
[Black "Nordin, Marcus 2007"]
[Result "1-0"]
[TimeControl "90 minutes + 30 seconds per move from move one."]
[WhiteElo "1662"]
[BlackElo "1162"]

1. d4 d5 2. c4 c6 3. Nf3 Bf5 4. cxd5 cxd5 5. Qb3 b6 6. Nc3 Nf6 7. Bg5 Be6 8. e3 g6 9. Bb5+ Nbd7 10.
Ne5 Bg7 11. Qa3 Ne4 12. Nc6 Nxg5 13. Nxd8 Rxd8 14. h4 Ne4 15. Nxe4 dxe4 16. h5 O-O 17. hxg6 fxg6 18. Rc1 Nf6 19.
Qxe7 Bxa2 20. Rc7 Bf7 21. Bc4 Rd7 22. Rxd7 Nxd7 23. Bxf7+ Rxf7 24. Qxe4 Nf6 25. Qa8+ Bf8 26. O-O a5 27.
Qc6 Nd7 28. Rc1 Bb4 29. Qe6 Kf8 30. Rc7 Re7 31. Rc8+ Kg7 32. Rg8+ Kh6 33. Qg4 Nf6 34. Qf4+ Kh5 35. Qh2+ Kg5 36.
Qf4+ Kh5 37. Qxf6 Rc7 38. g4+ Kxg4 39. f3+ Kh3 40. Qe6+ Kg3 41. Qg4# 1-0

[Event "Swedish U16 Team Championship 2019 - Final"]
[Site "Molnlycke Kulturhus, Biblioteksgatan 2, Molnlycke, Sweden"]
[Date "2019.08.18"]
[Round "5.4"]
[White "Johansson, Sigge"]
[Black "Backlund, Elias"]
[Result "0-1"]
[TimeControl "90 minutes + 30 seconds per move from move one."]
[WhiteElo "1123"]
[BlackElo "1603"]

1. e4 d5 2. e5 Nc6 3. d4 Bf5 4. Nf3 e6 5. Nc3 Nb4 6. Bb5+ c6 7. Ba4 Ne7 8. a3 Na6 9. Bg5 h6 10. Bh4 g5 11. Bg3 Ng6 12. Qe2 Qb6 13. O-O-O O-O-O 14. Nd2 Qxd4 15.
Bxc6 Qc5 16. Bb5 d4 17. Bxa6 dxc3 18. Nb3 cxb2+ 19. Kxb2 Qxa3+ 20. Kb1 Qxb3+ 21. Kc1 Ba3# 0-1

[Event "Swedish U16 Team Championship 2019 - Final"]
[Site "Molnlycke Kulturhus, Biblioteksgatan 2, Molnlycke, Sweden"]
[Date "2019.08.18"]
[Round "5.7"]
[White "Kucuksari, Kaan"]
[Black "Lindholm, Gustav"]
[Result "1-0"]
[TimeControl "90 minutes + 30 seconds per move from move one."]
[WhiteTitle "FM"]
[WhiteElo "2286"]
[BlackElo "2006"]

1. d4 d5 2. Nf3 Nf6 3. c4 c6 4. Qc2 dxc4 5. e4 Bg4 6. Bxc4 e6 7. Be3 Bb4+ 8. Nbd2 Nbd7 9. O-O O-O 10.
Bd3 h6 11. h3 Bxf3 12. Nxf3 Rc8 13. a3 Be7 14. Rfd1 Qc7 15. Rac1 Rfd8 16. Qe2 Qb8 17. b4 a6 18. Nd2 e5 19.
Nf3 Bd6 20. Qa2 Re8 21. Bc4 Re7 22. Nh4 b5 23. Bb3 Nf8 24. Nf5 Rb7 25. d5 Nxe4 26. dxc6 Rbc7 27. Nxd6 1-0

[Event "Swedish U16 Team Championship 2019 - Final"]
[Site "Molnlycke Kulturhus, Biblioteksgatan 2, Molnlycke, Sweden"]
[Date "2019.08.18"]
[Round "5.8"]
[White "Rasti, Arvin"]
[Black "Bensryd, Hampus"]
[Result "1-0"]
[TimeControl "90 minutes + 30 seconds per move from move one."]
[WhiteElo "2116"]
[BlackElo "1907"]

1. d4 Nf6 2. c4 e6 3. Nc3 Bb4 4. Nf3 b6 5. Bg5 Bb7 6. e3 O-O 7. Bd3 d5 8. cxd5 exd5 9. O-O Nbd7 10.
Rc1 h6 11. Bh4 Be7 12. Qc2 c5 13. Qb1 Ne4 14. Nxe4 Bxh4 15. Nd6 Bc6 16. Nxh4 Qxh4 17. b4 Qf6 18. bxc5 bxc5 19. dxc5 Nxc5 20.
Bh7+ Kh8 21. Nxf7+ Rxf7 22. Rxc5 Bb7 23. Bg6 Re7 24. Rb5 Rb8 25. h3 Rc7 26. Rb4 Qc6 27. Bh5 Rf8 28. Rd4 Ba6 29.
Rfd1 Bc4 30. Bf3 Qf6 31. Rf4 Qe7 32. Rxf8+ Qxf8 33. Bxd5 Qc8 34. Bxc4 Rxc4 35. Qd3 Rc1 36. g4 Rxd1+ 37. Qxd1 Qc4 38. a4 Qe4 39. Qd4 Qb1+ 40. Kg2 Qb7+ 41. e4 Qc7 42. Qd5 g6 43. a5 Kg7 44. e5 Kf8 45. Qd6+ Qxd6 46.
exd6 Ke8 47. f4 Kd7 48. Kf3 Kxd6 49. Ke4 Ke6 50. f5+ gxf5+ 51. gxf5+ Kf6 52. Kf4 a6 53. h4 h5 54. Ke4 1-0

[Event "Swedish U16 Team Championship 2019 - Final"]
[Site "Molnlycke Kulturhus, Biblioteksgatan 2, Molnlycke, Sweden"]
[Date "2019.08.18"]
[Round "5.9"]
[White "Nord, Alexander"]
[Black "Strom-Engdahl, Alexander"]
[Result "1/2-1/2"]
[TimeControl "90 minutes + 30 seconds per move from move one."]
[WhiteElo "1881"]
[BlackElo "1858"]

1. d4 Nf6 2. Nf3 e6 3. g3 b6 4.
Bg2 Bb7 5. O-O d6 6. c4 Nbd7 7. Nc3 Be7 8. Qc2 O-O 9. e4 e5 10. Rd1 exd4 11. Nxd4 Rb8 12. Nd5 Re8 13. Nb4 Ra8 14.
Nbc6 Qc8 15. f4 Bf8 16. Re1 Nb8 17. e5 dxe5 18. fxe5 Bc5 19. Kh1 Bxd4 20. Nxd4 Bxg2+ 21. Qxg2 Nbd7 22.
Bf4 Nh5 23. Rad1 Nf8 24. Nc6 Ne6 25. Bc1 g6 26. b3 Nhg7 27. Rf1 Nf5 28. Qf3 h5 29. h4 a5 30. Ba3 Nc5 31. Bxc5 bxc5 32.
a4 Qe6 33. Kh2 Ra6 34. Nd8 Qe7 35. Nc6 Qe6 36. Nd8 Qxe5 1/2-1/2

[Event "Swedish U16 Team Championship 2019 - Final"]
[Site "Molnlycke Kulturhus, Biblioteksgatan 2, Molnlycke, Sweden"]
[Date "2019.08.18"]
[Round "5.10"]
[White "Lindholm, Marcus"]
[Black "Joensson, Oscar"]
[Result "0-1"]
[TimeControl "90 minutes + 30 seconds per move from move one."]
[WhiteElo "1412"]
[BlackElo "1790"]

1. e4 c6 2. d4 d5 3. e5 Bf5 4. Nf3 e6 5. Nc3 Ne7 6. Bg5 h6 7. Bh4 Nd7 8. h3 Qb6 9. Rb1 c5 10.
dxc5 Nxc5 11. Bxe7 Bxe7 12. Bb5+ Nd7 13. Bxd7+ Kxd7 14. O-O Rhd8 15. a3 Rac8 16. Qe2 Ke8 17. Rfc1 a6 18. Qd2 Rc4 19.
b3 Rc7 20. Nd4 Bg6 21. Na4 Qa7 22. Ra1 b5 23. Nb2 Bc5 24. c3 Rdc8 25. b4 Bxd4 26. cxd4 Rc2 27. Qd1 Qc7 28. Nd3 Bxd3 29.
Qxd3 Rxc1+ 30. Rxc1 Qxc1+ 31. Kh2 Qf4+ 0-1

[Event "Swedish U16 Team Championship 2019 - Final"]
[Site "Molnlycke Kulturhus, Biblioteksgatan 2, Molnlycke, Sweden"]
[Date "2019.08.18"]
[Round "5.11"]
[White "Morell, Ludvig"]
[Black "Ghaderi, Roshan"]
[Result "1-0"]
[TimeControl "90 minutes + 30 seconds per move from move one."]
[WhiteElo "1771"]
[BlackElo "1379"]

1. e4 c6 2. Nc3 d5 3. Nf3 dxe4 4. Nxe4 Bf5 5. Ng3 Bg6 6. h4 h6 7. Ne5 Bh7 8. Qh5 g6 9. Qf3 Nf6 10. Qb3 e6 11. Qxb7 Nbd7 12.
Nxc6 Qc8 13. Qxc8+ Rxc8 14. Nxa7 Rxc2 15. Bd3 Rc7 16. Nb5 Rb7 17. Nc3 Bg7 18. Nge4 O-O 19. Rb1 Nxe4 20. Nxe4 Rfb8 21.
b3 Ne5 22. Ke2 Nxd3 23. Kxd3 g5 24. hxg5 hxg5 25. f3 Rd8+ 26. Ke2 g4 27. Bb2 gxf3+ 28. gxf3 Rbd7 29. Bxg7 Bxe4 30. Bf6 Bxf3+ 31. Kxf3 Rd3+ 32. Kg2 Rxd2+ 33. Kg1 Rd1+ 34. Rxd1 Rxd1+ 35. Kg2 1-0

[Event "Swedish U16 Team Championship 2019 - Final"]
[Site "Molnlycke Kulturhus, Biblioteksgatan 2, Molnlycke, Sweden"]
[Date "2019.08.18"]
[Round "5.12"]
[White "Hjernestam, John"]
[Black "Johansson, William 2007"]
[Result "0-1"]
[TimeControl "90 minutes + 30 seconds per move from move one."]
[WhiteElo "1376"]
[BlackElo "1682"]

1. d4 Nf6 2. Bf4 d5 3. e3 c5 4. c3 Nc6 5. Bd3 Qb6 6. Qb3 c4 7. Qxb6 axb6 8. Bc2 b5 9. Nd2 b4 10. Bd1 Bf5 11. Be2 e6 12. f3 bxc3 13. bxc3 Ba3 14. e4 dxe4 15. Nxc4 Nd5 16.
Bd2 e3 17. Nxe3 Nxe3 18. Bxe3 Bb2 19. Rd1 Bc2 20. d5 Bxc3+ 21. Kf1 Bxd1 22. dxc6 Bxe2+ 23. Nxe2 Bf6 24. cxb7 Rb8 25. Kf2 Rxb7 26.
Rc1 O-O 27. Rc6 Ra8 28. a3 Kf8 29. f4 Ke8 30. Bc5 Be7 31. Bd4 g6 32. Bc5 Bxc5+ 33. Rxc5 Rxa3 34. Rc3 Ra2 35. Re3 Rbb2 36.
g4 Kd7 37. g5 Kd6 38. Kf3 Ra1 39. Re5 Rf1+ 40. Kg3 Re1 41. Kf2 Ra1 42. Kf3 Ra3+ 43. Kf2 Rbb3 44. Nd4 Rb2+ 45. Ne2 Ra4 46.
Kf3 Rb3+ 47. Re3 Rxe3+ 48. Kxe3 Ra3+ 49. Kf2 Kd5 50. Ng3 e5 51. fxe5 Kxe5 52. h4 Kf4 0-1

[Event "Swedish U16 Team Championship 2019 - Final"]
[Site "Molnlycke Kulturhus, Biblioteksgatan 2, Molnlycke, Sweden"]
[Date "2019.08.18"]
[Round "5.13"]
[White "Ytterberg, Felix"]
[Black "Soderstrom, Adrian"]
[Result "0-1"]
[TimeControl "90 minutes + 30 seconds per move from move one."]
[WhiteElo "2033"]
[BlackElo "1970"]

1. d4 Nf6 2. Nf3 g6 3. b3 Bg7 4. Bb2 O-O 5. e3 d6 6. Be2 Nbd7 7. O-O e5 8. dxe5 Ng4 9. c4 Ngxe5 10. Nc3 Nc5 11. Nd4 Nc6 12. Nxc6 bxc6 13. Bf3 Qe8 14. Qe2 Bf5 15. Rfd1 Ne4 16. Nxe4 Bxe4 17. Bxg7 Kxg7 18. Bxe4 Qxe4 19.
Rd4 Qe5 20. Rad1 Rae8 21. Qf3 c5 22. R4d2 Qe4 23. Qh3 f5 24. g3 Re6 25. Qg2 g5 26. Rd5 h6 27. R1d3 Ref6 28. f3 Qe7 29. Qd2 g4 30. Rxc5 gxf3 31.
Ra5 Re6 32. Rxa7 f4 33. Qc3+ Kh7 34. Qc2 Rg6 35. Qf2 fxg3 36. hxg3 Qg7 37. Kh2 Rf5 38. Rd5 Rfg5 39. Rxg5 hxg5 40.
Rxc7 Rh6+ 41. Kg1 Qxc7 42. Qxf3 Qg7 43. Qf5+ Rg6 44. Qh3+ Kg8 45. Qc8+ Qf8 46. Qg4 Qf6 47. Qc8+ Kg7 48.
Qd7+ Qf7 49. Qg4 Qa7 50. Qe4 Rf6 51. a4 Qf7 52. Qg2 Rf3 53. a5 g4 54. a6 Qa7 55. Qb2+ Kg8 56. Qd2 Qxe3+ 57. Qxe3 Rxe3 58. b4 Rxg3+ 59. Kf2 Ra3 60. b5 Kf7 61. Ke2 Ke6 62. Kd2 Kd7 63. Kc2 g3 64. Kb2 Rxa6 65. bxa6 Kc6 66. Kc3 g2 67. c5 dxc5 68.
Kc4 g1=Q 69. a7 Qg8+ 70. Kc3 Qg7+ 71. Kc4 Qxa7 0-1

[Event "Swedish U16 Team Championship 2019 - Final"]
[Site "Molnlycke Kulturhus, Biblioteksgatan 2, Molnlycke, Sweden"]
[Date "2019.08.18"]
[Round "5.14"]
[White "Falkevall, Axel"]
[Black "Ivarsson, Sebastian"]
[Result "1-0"]
[TimeControl "90 minutes + 30 seconds per move from move one."]
[WhiteElo "2046"]
[BlackElo "2001"]

1. e4 e5 2. Nf3 Nc6 3. Bb5 a6 4. Ba4 Nf6 5. O-O Be7 6. Re1 b5 7. Bb3 d6 8. c3 O-O 9. h3 Nb8 10.
d4 Nbd7 11. Nbd2 Bb7 12. Bc2 Re8 13. Nf1 Bf8 14. Ng3 g6 15. Bg5 h6 16. Bd2 c5 17.
d5 c4 18. Qc1 Kh7 19. Nh2 Nc5 20. Be3 Qc7 21. Ng4 Ng8 22. Qd2 h5 23. Nh2 Bh6 24. Rf1 Bxe3 25. Qxe3 a5 26. Rae1 b4 27. f4 b3 28. axb3 cxb3 29. Bb1 Ba6 30. Rf2 exf4 31. Qxf4 f6 32. Re3 Kg7 33. Nf3 a4 34. Nd4 a3 35. bxa3 Bc4 36. Nxh5+ gxh5 37. Rg3+ Kh8 38. Qh4 Qf7 39. Nf5 Bxd5 40.
Nxd6 Qh7 41. Nxe8 Rxe8 42. Rf5 Re5 43. Rxe5 fxe5 44. Rg5 Nf6 45. Rf5 Ncd7 46.
Rxf6 Nxf6 47. Qxf6+ Kg8 48. Qd8+ Kg7 49. Qxd5 Qh6 50. Qxe5+ Kg8 51. Qd5+ Kg7 52. Qb7+ Kg8 53. Qxb3+ 1-0

[Event "Swedish U16 Team Championship 2019 - Final"]
[Site "Molnlycke Kulturhus, Biblioteksgatan 2, Molnlycke, Sweden"]
[Date "2019.08.18"]
[Round "5.15"]
[White "Ljung, Harald"]
[Black "Grahn, Vidar"]
[Result "0-1"]
[TimeControl "90 minutes + 30 seconds per move from move one."]
[WhiteElo "1811"]
[BlackElo "1898"]

1. d4 d5 2. c4 c6 3. Nc3 Nf6 4. Nf3 e6 5. Bg5 dxc4 6. e4 b5 7. e5 h6 8. Bh4 g5 9. Nxg5 hxg5 10.
Bxg5 Nbd7 11. exf6 Bb7 12. Be3 Nxf6 13. Be2 Nd5 14. Nxd5 cxd5 15. g3 Qa5+ 16. Bd2 Qb6 17. Bf4 Bg7 18.
Be5 Bxe5 19. dxe5 d4 20. Bf3 O-O-O 21. Bxb7+ Qxb7 22. f3 Qd5 23. Qe2 Rh5 24.
Kf2 Rxe5 25. Qd2 Re3 26. Qd1 Rh8 27. Rc1 e5 28. Rc3 Rd8 29. Rc2 e4 30. f4 Rf3+ 31.
Kg2 0-1

[Event "Swedish U16 Team Championship 2019 - Final"]
[Site "Molnlycke Kulturhus, Biblioteksgatan 2, Molnlycke, Sweden"]
[Date "2019.08.18"]
[Round "5.16"]
[White "Bergqvist, Gustav 2004"]
[Black "Dingertz, Erik"]
[Result "0-1"]
[TimeControl "90 minutes + 30 seconds per move from move one."]
[WhiteElo "1833"]
[BlackElo "1888"]

1. e4 e5 2. Nf3 Nc6 3. Nc3 Nf6 4. d4 exd4 5. Nxd4 Bb4 6. Nxc6 bxc6 7. Bd3 O-O 8. O-O Re8 9. Qf3 h6 10. Bf4 d6 11. h3 Bb7 12.
Rad1 Bxc3 13. bxc3 c5 14. Rb1 Bxe4 15. Bxe4 Nxe4 16. Rfe1 d5 17. Rb7 c6 18. Reb1 Qf6 19. R1b3 c4 20.
Ra3 Re7 21. Rb8+ Re8 22. Rb7 a5 23. Bc7 Qe7 0-1

[Event "Swedish U16 Team Championship 2019 - Final"]
[Site "Molnlycke Kulturhus, Biblioteksgatan 2, Molnlycke, Sweden"]
[Date "2019.08.18"]
[Round "5.17"]
[White "Anfalt, Erik"]
[Black "Tran, Alva Ling"]
[Result "0-1"]
[TimeControl "90 minutes + 30 seconds per move from move one."]
[WhiteElo "1558"]
[BlackElo "1735"]

1. e4 c5 2. Nc3 Nc6 3. f4 g6 4.
Nf3 Bg7 5. Bb5 Nd4 6. O-O a6 7. Bd3 e6 8. Nxd4 cxd4 9. Ne2 d6 10. Qe1 e5 11. Qf2 Nf6 12. Ng3 O-O 13. Bc4 Ng4 14.
Qf3 exf4 15. Qxf4 Qh4 16. h3 Be5 17. Qf3 Bxg3 18. Qe2 Ne5 19. Bb3 Bg4 20. Rxf7 Bxe2 0-1

[Event "Swedish U16 Team Championship 2019 - Final"]
[Site "Molnlycke Kulturhus, Biblioteksgatan 2, Molnlycke, Sweden"]
[Date "2019.08.18"]
[Round "5.18"]
[White "Isaksson, Philip"]
[Black "Nord, Gabriel"]
[Result "0-1"]
[TimeControl "90 minutes + 30 seconds per move from move one."]
[WhiteElo "1675"]
[BlackElo "1762"]

1. e4 e5 2. Nf3 Nc6 3. Bb5 a6 4. Bxc6 dxc6 5. d4 exd4 6. Qxd4 Qxd4 7. Nxd4 Bd7 8. Be3 O-O-O 9. Nd2 c5 10.
Ne2 b6 11. O-O-O Ne7 12. Nc4 Ng6 13. Nf4 Re8 14. f3 Bc6 15. Rhe1 f6 16. Rd2 Ne5 17. Nxe5 fxe5 18. Nd5 Kb7 19.
Red1 Bd6 20. Bf2 h6 21. Kb1 Rhf8 22. Bg3 Rf7 23. Kc1 Ref8 24. Kb1 g6 25. Kc1 Re8 26. Kb1 Bf8 27. Ne3 Kc8 28. Nc4 Bg7 29. Ne3 h5 30. Bh4 Bf6 31. Bxf6 Rxf6 32. Nd5 Rf7 33. Ne3 b5 34. Kc1 Ref8 35. h4 Rg7 36.
Nd5 Bd7 37. Ne3 Be6 38. Rg1 g5 39.
hxg5 Rxg5 40. Rf2 Kb7 41. a3 Rfg8 42. f4 exf4 43. Rxf4 Rg3 44. Nf5 Rxg2 45. Rxg2 Rxg2 46. Rh4 Rg5 47.
Kd2 Bxf5 48. exf5 Rxf5 49. Ke3 Kc6 50. b3 Kd5 51. c4+ bxc4 52. bxc4+ Ke5 53. Re4+ Kd6 54. Rh4 Rg5 55. Kd3 Kc6 0-1